Cogmind - Beta 10.1 @@@ ROGUE MODE // 2020.10.08 @ 10:30:50 Player: Boris Result: Destroyed by D-53 Grenadier with Mini Grenade Launcher Performance ------------- Evolutions (0) 0 Regions Visited (4) 800 Robots Destroyed (19) 95 Value Destroyed (441) 441 Prototype IDs (23) 460 Alien Tech Used (0) 0 Bonus (27) 27 TOTAL SCORE: 1823 Bonus ------- Follower Combat Kills 27 Cogmind --------- Core Integrity 0/250 Matter 295/300 Energy 100/100 System Corruption 0% Temperature Cool (0) Movement Walking (210) Ox3 Location -9/Mines Parts ------- > --- POWER (1) -------- (None) > --- PROPULSION (2) --- Aluminum Leg > --- UTILITY (2) ------ Large Storage Unit Large Storage Unit > --- WEAPON (2) ------- (None) > --- INVENTORY (16) --- Ion Engine Aluminum Leg Aluminum Leg Improved Heat Sink Makeshift Sensor Array Light Armor Plating Makeshift Hacking Suite Datajack Deploy-a-Sentry Deploy-a-Sentry Deploy-a-Sentry Peak State ------------ > --- POWER ------------ Ion Engine > --- PROPULSION ------- Aluminum Leg Aluminum Leg > --- UTILITY ---------- Small Storage Unit Large Storage Unit > --- WEAPON ----------- Light Assault Rifle Light Assault Rifle > --- INVENTORY -------- Ion Engine Aluminum Leg Improved Heat Sink Sensor Array Makeshift Hacking Suite Light Cannon Datajack Deploy-a-Sentry Deploy-a-Sentry Deploy-a-Sentry [Rating: 10] Favorites ----------- Power Ion Engine Engine Ion Engine Propulsion Aluminum Leg Leg Aluminum Leg Utility Large Storage Unit Storage Large Storage Unit Weapon Light Assault Rifle Ballistic Gun Light Assault Rifle Ballistic Cannon Light Cannon Special Melee Weapon Datajack Build | -11 -10 -10 -10 -9 ------- Run | Scr Mat Min Exi Min Slots Evolved . | . . . . . Power . | . . . . . Propulsion . | . . . . . Utility . | . . . . . Weapon . | . . . . . Parts Attached 28 | 6 15 4 2 1 Power 3 | 1 2 . . . Engine 3 | 1 2 . . . Core . | . . . . . Reactor . | . . . . . Propulsion 9 | 2 5 1 1 . Treads . | . . . . . Leg 9 | 2 5 1 1 . Wheel . | . . . . . Hover . | . . . . . Flight . | . . . . . Utility 3 | 1 1 . 1 . Device . | . . . . . Storage 3 | 1 1 . 1 . Processor . | . . . . . Hackware . | . . . . . Protection . | . . . . . Artifact . | . . . . . Weapon 13 | 2 7 3 . 1 Energy Gun . | . . . . . Energy Cannon . | . . . . . Ballistic Gun 4 | 2 . 2 . . Ballistic Cannon 8 | . 7 . . 1 Launcher . | . . . . . Special Weapon . | . . . . . Impact Weapon . | . . . . . Slashing Weapon . | . . . . . Piercing Weapon . | . . . . . Special Melee Weapon 1 | . . 1 . . Unidentified Prototypes . | . . . . . Parts Lost 5 | . . . . 5 Power 1 | . . . . 1 Propulsion 1 | . . . . 1 Utility . | . . . . . Weapon 3 | . . . . 3 Highest Loss Streak 5 | . . . . 5 Average Slot Usage (%) 96 | . 90 99 99 97 Engine 14 | . 14 14 14 14 Leg 27 | . 27 28 28 27 Storage 25 | . 20 28 27 28 Ballistic Gun 19 | . 14 15 28 26 Ballistic Cannon 7 | . 12 11 . . Naked Turns . | . . . . . Heaviest Build 39 | 12 31 31 39 39 Greatest Support 20 | 20 20 20 20 20 Greatest Overweight (x) 3 | . 3 1 1 3 Average Overweight (x) . | . . 1 1 1 Largest Inventory Capacity 16 | 6 12 12 16 16 Average Capacity 11 | 5 8 12 12 16 Most Carried 12 | 1 8 7 10 12 Average Carried 6 | . 4 6 8 11 Final Capacity 16 | 6 12 12 16 16 Final Carried 11 | 1 7 7 10 11 Class Distribution -------------------- 100% | Mutant Dominant Class ---------------- Mutant | -10/Materials Mutant | -10/Mines Mutant | -10/Exiles Mutant | -9/Mines Resources | -11 -10 -10 -10 -9 ----------- Run | Scr Mat Min Exi Min Matter Collected 752 | 223 301 78 . 150 Remotely . | . . . . . Salvage Created 570 | . 422 55 . 93 Parts 31 | . 22 6 . 3 Haulers Intercepted 1 | . 1 . . . Recyclers Shooed 1 | . 1 . . . Parts Field Recycled . | . . . . . Retrieved Matter . | . . . . . Parts Self-Destructed . | . . . . . Prevented . | . . . . . Kills | -11 -10 -10 -10 -9 ------- Run | Scr Mat Min Exi Min Combat Hostiles Destroyed 16 | . 10 4 . 2 Guns 9 | . 5 3 . 1 Cannons 7 | . 5 1 . 1 Classes Destroyed 6 | . 5 . . 1 Worker 1 | . 1 . . . Hauler 1 | . 1 . . . Recycler 1 | . 1 . . . Swarmer 6 | . 3 3 . . Grunt 9 | . 7 1 . 1 Demolisher 1 | . . . . 1 Best Kill Streak 4 | . 4 3 . 1 Combat Bots Only 3 | . 3 3 . 1 Max Kills in Single Turn 1 | . 1 1 . 1 Gunslinging . | . . . . . Exploded . | . . . . . Melee . | . . . . . Uniques/NPCs Destroyed . | . . . . . Combat | -11 -10 -10 -10 -9 -------- Run | Scr Mat Min Exi Min Damage Taken 1142 | . 327 200 . 615 Core 254 | . 46 18 . 190 Absorbed by Shields . | . . . . . Core Remaining (%) 100 | 100 . . . . Volleys Fired 70 | . 33 27 . 10 Largest 2 | . 2 2 . 2 Hottest 70 | . 70 70 . 55 Shots Fired 127 | . 66 41 . 20 Gun 82 | . 44 20 . 18 Cannon 45 | . 22 21 . 2 Launcher . | . . . . . Special . | . . . . . Kinetic 127 | . 66 41 . 20 Thermal . | . . . . . Explosive . | . . . . . Electromagnetic . | . . . . . Robot Hit Streak 16 | . 16 5 . 5 Robot Miss Streak 3 | . 2 3 . 1 Penetration Max . | . . . . . Secondary Targets . | . . . . . Shots Hit Robots 83 | . 46 22 . 15 Core Hits 36 | . 21 7 . 8 Critical Hits . | . . . . . Critical Kills . | . . . . . Critical Parts Destroyed . | . . . . . Melee Attacks . | . . . . . Impact . | . . . . . Slashing . | . . . . . Piercing . | . . . . . Sneak Attacks . | . . . . . Combat Hostiles . | . . . . . Follow-up Attacks . | . . . . . Damage Inflicted 932 | . 558 233 . 141 Guns 572 | . 371 97 . 104 Cannons 350 | . 177 136 . 37 Explosions . | . . . . . Melee . | . . . . . Ramming 10 | . 10 . . . Kinetic 922 | . 548 233 . 141 Thermal . | . . . . . Explosive . | . . . . . Electromagnetic . | . . . . . Impact . | . . . . . Slashing . | . . . . . Piercing . | . . . . . Highest Corruption . | . . . . . Average Corruption . | . . . . . Corruption Purged . | . . . . . Overload Shots . | . . . . . Overflow Damage 6 | . . 6 . . Projectiles 6 | . . 6 . . Explosions . | . . . . . Melee . | . . . . . Knockbacks 9 | . 4 5 . . Impact 1 | . 1 . . . Kinetic 8 | . 3 5 . . Secondary . | . . . . . Self-Inflicted Damage 4 | . 4 . . . Shots . | . . . . . Rammed 2 | . 2 . . . Targets Rammed 2 | . 2 . . . Kicked . | . . . . . Crushed . | . . . . . Highest Temperature 54 | . 54 36 . 14 Average Temperature 14 | . 16 13 . 8 Received Heat Transfer 195 | . 141 42 . 12 Siege Activations . | . . . . . Robots Corrupted . | . . . . . Combat Hostiles . | . . . . . Parts Fried . | . . . . . Impact Corruptions . | . . . . . Robots Melted . | . . . . . Combat Hostiles . | . . . . . Parts Melted . | . . . . . Heat Transferred . | . . . . . Parts Sabotaged . | . . . . . Parts Stolen . | . . . . . Parts Stripped . | . . . . . Power Chain Reactions . | . . . . . Missiles Intercepted . | . . . . . Alert | -11 -10 -10 -10 -9 ------- Run | Scr Mat Min Exi Min Peak Influence 153 | . 153 149 . 55 Initial 59 | . . 59 . . Average 57 | . 55 71 . 45 Maximum Alert Level . | . . . . . Low Security (%) 100 | 100 100 100 . 100 Level 1 . | . . . . . Level 2 . | . . . . . Level 3 . | . . . . . Level 4 . | . . . . . Level 5 . | . . . . . High Security . | . . . . . Max Security . | . . . . . Squads Dispatched 4 | . 4 . . . Investigation 2 | . 2 . . . Extermination . | . . . . . Reinforcement 2 | . 2 . . . Assault . | . . . . . Garrison . | . . . . . Intercept . | . . . . . Construction Impeded . | . . . . . Haulers Reinforced . | . . . . . Stealth | -11 -10 -10 -10 -9 --------- Run | Scr Mat Min Exi Min Distress Signals 2 | . 2 . . . Communications Jammed . | . . . . . Distress Signals . | . . . . . Times Spotted 29 | . 16 9 . 4 Peak Tracking Total 5 | . 5 3 . 2 Tactical Retreats 5 | . 2 3 . . Traps | -11 -10 -10 -10 -9 ------- Run | Scr Mat Min Exi Min Traps Triggered 6 | . 6 . . . Indirectly . | . . . . . Trap Hack Attempts . | . . . . . Triggered . | . . . . . Disarmed . | . . . . . Reprogrammed . | . . . . . Reused . | . . . . . Traps Extracted . | . . . . . Installed . | . . . . . Triggered . | . . . . . Machines | -11 -10 -10 -10 -9 ---------- Run | Scr Mat Min Exi Min Machines Disabled . | . . . . . Max in Single Turn . | . . . . . Machines Sabotaged . | . . . . . Garrisons Compromised . | . . . . . Overloaded Fab Kills . | . . . . . Fab Network Shutdowns . | . . . . . Hacking | -11 -10 -10 -10 -9 --------- Run | Scr Mat Min Exi Min Machines Accessed 4 | . 3 . 1 . Terminals 2 | . 2 . . . Fabricators . | . . . . . Repair Stations 1 | . 1 . . . Recycling Units . | . . . . . Scanalyzers . | . . . . . Garrison Access . | . . . . . Total Hacks 16 | . 15 . 1 . Successful 13 | . 12 . 1 . Failed 3 | . 3 . . . Catastrophic . | . . . . . Database Lockouts . | . . . . . Manual 9 | . 8 . 1 . Terminals 9 | . 9 . . . Fabricators . | . . . . . Repair Stations 6 | . 6 . . . Recycling Units . | . . . . . Scanalyzers . | . . . . . Garrison Access . | . . . . . Terminal Hacks 5 | . 4 . 1 . Robot Analysis 1 | . 1 . . . Recall Investigation 1 | . 1 . . . Hauler Manifests 1 | . 1 . . . Zone Layout 1 | . 1 . . . EX-Prototype ID Bank 1 | . . . 1 . Fabricator Hacks . | . . . . . Repair Station Hacks 4 | . 4 . . . Scan Component 2 | . 2 . . . Repair 2 | . 2 . . . Recycling Unit Hacks . | . . . . . Scanalyzer . | . . . . . Garrison Access Hacks . | . . . . . Unauthorized Hacks 4 | . 4 . . . Terminals 3 | . 3 . . . Track 2 | . 2 . . . Botnet 1 | . 1 . . . Fabricators . | . . . . . Repair Stations 1 | . 1 . . . Mechanics 1 | . 1 . . . Recycling Units . | . . . . . Scanalyzers . | . . . . . Garrison Access . | . . . . . Data Cores Recovered . | . . . . . Used . | . . . . . Hacking Detections 3 | . 3 . . . Full Trace Events . | . . . . . Feedback Events . | . . . . . Feedback Blocked . | . . . . . Robot Schematics Acquired . | . . . . . Robots Built . | . . . . . Matter . | . . . . . Time . | . . . . . Total Robot Build Rating . | . . . . . Part Schematics Acquired . | . . . . . Parts Built . | . . . . . Matter . | . . . . . Time . | . . . . . Total Part Build Rating . | . . . . . Parts Repaired 2 | . 2 . . . Time 52 | . 52 . . . Parts Recycled . | . . . . . Recycled Matter . | . . . . . Retrieved Matter . | . . . . . Retrieved Components . | . . . . . Parts Scanalyzed . | . . . . . Part Schematics Acquired . | . . . . . Parts Damaged . | . . . . . Bothacking | -11 -10 -10 -10 -9 ------------ Run | Scr Mat Min Exi Min Used RIF Installer . | . . . . . Robots Hacked . | . . . . . Non-combat . | . . . . . Combat . | . . . . . Robot Hacks Applied . | . . . . . Relay Couplers Released . | . . . . . Robots Rewired 2 | . . . 2 . Allies Hacked . | . . . . . Hacks Repelled . | . . . . . Allies | -11 -10 -10 -10 -9 -------- Run | Scr Mat Min Exi Min Total Allies 2 | . . . 2 . Largest Group 2 | . . . 2 2 Highest-Rated Group 16 | . . . 16 16 Highest-Rated Ally 8 | . . . 8 8 Total Orders . | . . . . . Ally Attacks 7 | . . . . 7 Total Damage 45 | . . . . 45 Kills 1 | . . . . 1 Allies Corrupted . | . . . . . Allies Melted . | . . . . . Intel | -11 -10 -10 -10 -9 ------- Run | Scr Mat Min Exi Min Robot Analysis Total 1 | . 1 . . . Derelict Logs Recovered . | . . . . . Drone Launches . | . . . . . Drone Recoveries . | . . . . . Exploration | -11 -10 -10 -10 -9 ------------- Run | Scr Mat Min Exi Min Turns Passed 2233 | 61 780 549 676 167 Spaces Moved 1287 | 49 406 311 438 83 Core 10 | 10 . . . . Treads . | . . . . . Legs 1277 | 39 406 311 438 83 Wheels . | . . . . . Hover . | . . . . . Flight . | . . . . . Fastest Speed 50 | 50 120 150 150 150 Average Speed 142 | 105 132 150 150 151 Slowest Speed 210 | 120 210 150 150 210 Overloaded Moves . | . . . . . Propulsion Burnouts . | . . . . . Robots Hopped . | . . . . . Cave-ins Triggered . | . . . . . Exploration Rate (%) 42 | 4 44 52 91 22 Regions Visited 4 Branch Regions 3 Pre-discovered Areas . | . . . . . Known Exits Taken . | . . . . . Unknown Exits Taken 4 | 1 1 1 1 . Scrap Searched 1 | . . 1 . . Spaces Dug . | . . . . . Terrain Destroyed . | . . . . . Melee . | . . . . . Projectile . | . . . . . AOE . | . . . . . Terrain Rammed . | . . . . . Walls Destroyed . | . . . . . Machines Disabled . | . . . . . Actions | -11 -10 -10 -10 -9 --------- Run | Scr Mat Min Exi Min Total 1557 | 55 580 356 458 108 Wait 137 | . 113 12 . 12 Move 1283 | 48 405 310 437 83 Hop . | . . . . . Pick Up 16 | 1 7 1 5 2 Fast Attach 20 | 6 12 1 1 . Attach 2 | . . 1 . 1 Detach 1 | . 1 . . . Swap 6 | . 3 2 1 . Drop 9 | . 4 2 3 . Fire 70 | . 33 27 . 10 Melee . | . . . . . Ram . | . . . . . Kick 2 | . 2 . . . Crush . | . . . . . Escape Stasis . | . . . . . Rewire 11 | . . . 11 . Trap . | . . . . . Miscellaneous . | . . . . . Route ------- -11/Scrapyard -10/Materials (discovered 2 exits: [*Mat] / [*Min]) -10/Mines (discovered 2 exits: [*Mat] / *Exi) -10/Exiles (discovered 2 exits: [*Min x2]) -9/Mines (discovered 1 exit: [*Mat]) History --------- Turn | Location | Event 5 | -11/Scrapyard | Discovered new exit (range 16) 62 | -11/Scrapyard | Entered Materials 303 | -10/Materials | Build established: Mutant 444 | -10/Materials | Discovered new exit (range 7) 601 | -10/Materials | Repaired Aluminum Leg 628 | -10/Materials | Repaired Aluminum Leg 757 | -10/Materials | Discovered new exit (range 16) 842 | -10/Materials | Entered Mines 1238 | -10/Mines | Discovered new exit (range 10) 1385 | -10/Mines | Deemed a non-threat by the Exiles lab entrance 1385 | -10/Mines | Discovered new exit (range 5) 1391 | -10/Mines | Entered Exiles 1391 | -10/Exiles | Found Exiles lab destroyed 1416 | -10/Exiles | Discovered new exit (range 14) 1556 | -10/Exiles | Opened EX-Vault 1564 | -10/Exiles | Found Deploy-a-Sentry 1566 | -10/Exiles | Found Deploy-a-Sentry 1569 | -10/Exiles | Found Deploy-a-Sentry 2049 | -10/Exiles | Discovered new exit (range 12) 2067 | -10/Exiles | Entered Mines 2067 | -9/Mines | Accompanied by 2 allies 2079 | -9/Mines | Met a Derelict bent on vengeance 2167 | -9/Mines | Discovered new exit (range 15) 2206 | -9/Mines | Assembled infested the area 2218 | -9/Mines | Core integrity fell below 50% 2220 | -9/Mines | Core integrity fell below 20% 2234 | -9/Mines | Destroyed by D-53 Grenadier with Mini Grenade Launcher Last Messages --------------- 02210_ Mercenary 1b destroyed. 02210_ Mercenary 1a destroyed. 02211_ U-05 Engineer lays Concrete. 02220_ The unstable cave ceiling collapses. 02221_ U-05 Engineer lays Concrete. 02221_ K-01 Serf collects debris. 02222_ The unstable cave ceiling collapses. 02222_ U-05 Engineer lays Concrete. 02222_ U-05 Engineer destroyed. 02222_ Lgt. Assault Rifle destroyed. 02224_ The unstable cave ceiling collapses. 02225_ D-53 Grenadier destroyed. 02225_ K-01 Serf collects debris. 02226_ Aluminum Leg destroyed. 02228_ K-01 Serf collects debris. 02228_ Lgt. Assault Rifle destroyed. 02228_ Lgt. Cannon destroyed. 02232_ K-01 Serf collects debris. 02232_ Ion Engine destroyed. 02233_ The unstable cave ceiling collapses. Map ----- +----------------------------------------------------+ | ?????????????????????????????????????????????????? | | ?????????????????????????????????????????????????? | | ?????????????????????????????????????????????????? | | ?????????????????????????????????????????????????? | | ?????????????????????????????????????????????????? | | ?????????????????????????????????????????????????? | | ?????????????????????????????????????????????????? | | ?????????????????????????????????????????????????? | | ?????????????????????????????????????????????????? | | ?????????????????????????????????????????????????? | | ?????????????????????????????????????????????????? | | ???????????????????????????????????????????####??? | | ??????????????????????????????????????????? #??? | | ???????????????????????????????????????????# #??? | | ???????????????????????????????????????????# #### | | ????????????????????????????????????####???# | | ???????????????????????????????????## ###?# #### | | ???????????????????????????????????# < ### ##?? | | ????????????????????????????????????# ### | | ?????????????????????????????????????# # | | ????????????????????????????????????## | | ????????????????????????############# | | ????????????????????##### ### | | ???????????????????## ## | | ??????????????????## # k r #### | | ??????????????????# @ !% d ####??# | | ???????????# ###### #????# | | ???????? ##???# | | ???????? | = #???# | | ??????????######### #???#### # | | ??????????????????## ##??????##### | | ???????????????????## ### # ###???????????? | | ????????????????????#######??###?###?????????????? | | ?????????????????????????????????????????????????? | | | | | | | | | | | | | | | | | | | | | | | | | | | | | | | | | +----------------------------------------------------+ Best States ------------- Heat Dissipation 25 Energy Generation 10 Energy Capacity 250 Matter Stores 300 Matter Capacity 300 Sight Range 16 Terrain Scan Density 10 Evasion (%) 50 Item Schematics ----------------- None Robot Schematics ------------------ None Fabricated ------------ Nothing Alien Tech Used ----------------- None Achievements -------------- None Challenges ------------ None Game ------ Seed ControlFusionAirjet Manual? 0 Play Time 00:18:22 Cumulative 58.4 hours Start 2020.10.08 @ 10:13:54 End 2020.10.08 @ 10:30:50 Sessions 1 Manual Loads 0 Difficulty Rogue Special Mode None Game No. 16 Rogue 1 Adventurer 15 Explorer 0 Win Type - Total 1 Types 0/0/0/1/0/0/0/0/0 Lore% 53 Gallery% 57 Achievement% 52 Wizard Run 0 Options --------- ASCII 0 Keyboard 0 Movement Numpad Keybinds 0 Fullscreen 1 Font 18/SmallcapsGlow Map View 76x50 Tactical HUD 1 Map Filters NONE Filters NONE Steam 1 RUN: f13d987d-92ae-4a48-9319-34fc8fd78e08